 Dungeon Sprint DCSS version 0.19.0-24-gb05acd6 (webtiles) character file.

17056 igo the Eclecticist (level 12, -7/58 HPs)
             Began as a Spriggan Enchanter on Nov 22, 2016.
             Was a High Priest of Sif Muna.
             Mangled by the 27-headed Lernaean hydra (8 damage)
             ... in the Dungeon (Sprint I: "Red Sonja").
             The game lasted 00:44:00 (6023 turns).

igo the Eclecticist (Spriggan Enchanter)            Turns: 6023, Time: 00:44:01

Health: -7/58      AC:  9    Str:  4    XL:     12   Next: 15%
Magic:  18/35      EV: 31    Int: 22    God:    Sif Muna [*****.]
Gold:   831        SH:  8    Dex: 16    Spells: 9 memorised, 23 levels left

rFire  . . .     SeeInvis +     l - +4 dagger (distort)
rCold  + . .     Gourm    .     D - +2 robe {Archmagi}
rNeg   . . .     Faith    .     t - +0 buckler
rPois  .         Spirit   .     (helmet restricted)
rElec  .         Reflect  .     (no cloak)
rCorr  .         Harm     .     (gloves unavailable)
MR     +++..     NoTele   +     (boots unavailable)
Stlth  +++++.....               (no amulet)
                                H - ring "Ystremolu" {+Fly rC+ MR+ Stlth-}
                                r - +5 ring of protection

@: repel missiles, very quick
A: unfitting armour, see invisible, herbivore 3, speed 3, slow metabolism 2
a: Divine Energy, Channel Magic, Forget Spell, Renounce Religion, Evoke Flight


You were in the Dungeon.
You worshipped Sif Muna.
Sif Muna was extremely pleased with you.
You were not hungry.

You visited 1 branch You collected 2596 gold pieces.
You spent 1765 gold pieces at shops.

Inventory:

Hand Weapons
 a - a +1 dagger
 k - a +0 blowgun
 l - a +4 dagger of distortion (weapon)
 y - the +6 hand axe "Onnant" {freeze, rF+}
   (You found it in the Dungeon)

   It has been specially enchanted to freeze those struck by it, causing extra
   injury to most foes and up to half again as much damage against particularly
   susceptible opponents.
   It can also slow down cold-blooded creatures.
   It protects you from fire.
Missiles
 m - 7 curare-tipped needles
Armour
 b - a +1 robe
 o - a +0 troll leather armour
 s - a +1 cloak of poison resistance
 t - a +0 buckler (worn)
 w - a +2 troll leather armour
 D - a +2 robe of the Archmagi (worn)
 F - a +0 robe of cold resistance
Magical Staves
 M - an uncursed staff of energy {unknown}
Rods
 N - a +9 lightning rod (13/13)
   (You found it in the Dungeon)
Jewellery
 r - a +5 ring of protection (left hand)
 H - the ring "Ystremolu" (right hand) {+Fly rC+ MR+ Stlth-}
   (You took it off a deep elf annihilator in the Dungeon)

   [ring of loudness]

   It protects you from cold.
   It affects your resistance to hostile enchantments.
   It lets you fly.
   It makes you less stealthy.
 L - an uncursed ring of fire
Wands
 u - a wand of lightning (5/15)
 A - a wand of lightning (6/15)
 E - a wand of teleportation (5/9)
Scrolls
 j - 2 scrolls of blinking
 p - 3 scrolls of enchant weapon
 q - a scroll of enchant armour
 z - a scroll of summoning
Potions
 e - 3 potions of curing
 f - a potion of heal wounds
 g - a potion of haste
 h - 2 potions of magic
 n - a potion of invisibility
 v - a potion of flight
Books
 c - a book of Maledictions

   Spells                             Type                      Level
   a - Corona                         Hexes                        1
   b - Ensorcelled Hibernation        Hexes/Ice                    2
   c - Confuse                        Hexes                        3
   d - Tukima's Dance                 Hexes                        3
   e - Dazzling Spray                 Conjuration/Hexes            3
 i - Coilydaf's Reference Book on the Escort
   (Sif Muna gifted it to you in the Dungeon)

   Spells                             Type                      Level
   a - Summon Mana Viper              Hexes/Summoning              5
   b - Summon Demon                   Summoning                    5
   c - Haunt                          Necromancy/Summoning         7
   d - Malign Gateway                 Summoning/Translocation      7
 B - Sif Muna's Incunabulum of Hurtful Hexes
   (Sif Muna gifted it to you in the Dungeon)

   Spells                             Type                      Level
   a - Slow                           Hexes                        2
   b - Gell's Gravitas                Hexes/Translocation          3
   c - Throw Icicle                   Conjuration/Ice              4
   d - Cause Fear                     Hexes                        4
   e - Darkness                       Hexes                        6
   f - Glaciate                       Conjuration/Ice              9
 C - Sif Muna's Disquisition on Earthen Conjuration
   (Sif Muna gifted it to you in the Dungeon)

   Spells                             Type                      Level
   a - Throw Frost                    Conjuration/Ice              2
   b - Leda's Liquefaction            Hexes/Earth                  4
   c - Bolt of Magma                  Conjuration/Fire/Earth       5
   d - Bolt of Cold                   Conjuration/Ice              6
   e - Bolt of Fire                   Conjuration/Fire             6
 G - a book of Minor Magic

   Spells                             Type                      Level
   a - Magic Dart                     Conjuration                  1
   b - Blink                          Translocation                2
   c - Call Imp                       Summoning                    2
   d - Repel Missiles                 Charms/Air                   2
   e - Slow                           Hexes                        2
   f - Conjure Flame                  Conjuration/Fire             3
   g - Mephitic Cloud                 Conjuration/Poison/Air       3
 I - a book of Misfortune

   Spells                             Type                      Level
   a - Confusing Touch                Hexes                        1
   b - Confuse                        Hexes                        3
   c - Gell's Gravitas                Hexes/Translocation          3
   d - Petrify                        Transmutation/Earth          4
   e - Metabolic Englaciation         Hexes/Ice                    5
   f - Yara's Violent Unravelling     Hexes/Transmutation          5
 J - a book of Changes

   Spells                             Type                      Level
   a - Beastly Appendage              Transmutation                1
   b - Sticks to Snakes               Transmutation                2
   c - Spider Form                    Transmutation/Poison         3
   d - Ice Form                       Ice/Transmutation            4
   e - Blade Hands                    Transmutation                5
Miscellaneous
 x - a sack of spiders
 K - a fan of gales
Comestibles
 d - a bread ration


   Skills:
 - Level 4.6 Fighting
 - Level 11.6 Short Blades
 - Level 4.1 Armour
 - Level 14.7 Dodging
 - Level 16.0 Stealth
 - Level 9.4 Shields
 + Level 18.5 Spellcasting
 - Level 15.0 Hexes
 - Level 8.0 Translocations


You had 23 spell levels left.
You knew the following spells:

 Your Spells              Type           Power        Failure   Level  Hunger
a - Corona                Hex            #######      0%          1    None
b - Ensorcelled Hibernat  Hex/Ice        ######       1%          2    None
c - Confuse               Hex            #######.     0%          3    None
d - Tukima's Dance        Hex            #######.     0%          3    None
e - Dazzling Spray        Conj/Hex       ######       1%          3    None
f - Gell's Gravitas       Hex/Tloc       #######...   1%          3    None
g - Blink                 Tloc           N/A          1%          2    None
h - Repel Missiles        Chrm/Air       ####..       4%          2    None
i - Darkness              Hex            #######...   1%          6    ####...


Dungeon Overview and Level Annotations

Branches:
Dungeon (1/1)

Altars:
Cheibriados
Dithmenos
Elyvilon
Fedhas
Gozag
Hepliaklqana
Kikubaaqudgha
Makhleb
Nemelex Xobeh
Okawaru
Qazlal
Ru
Sif Muna
Trog
Uskayaw
Vehumet
Xom
Yredelemnul
Zin
The Shining One
Jiyva
Lugonu

Shops:
D !=[[:}?[:=*%?*:[%

Annotations:
D Lernaean hydra, Lom Lobon


Innate Abilities, Weirdness & Mutations

You are very small and have problems with some larger weapons.
You are too small for most types of armour.
You have supernaturally acute eyesight. (SInv)
You are a herbivore.
You cover ground extremely quickly.
You need consume almost no food.


Message History

There is an open door here.
The 27-headed Lernaean hydra misses you.
The 27-headed Lernaean hydra bites you! The 27-headed Lernaean hydra bites you.
The 27-headed Lernaean hydra bites you but does no damage.
The 27-headed Lernaean hydra completely misses you.
The 27-headed Lernaean hydra bites you!
You block the 27-headed Lernaean hydra's attack.
The 27-headed Lernaean hydra barely misses you. x2
You block the 27-headed Lernaean hydra's attack.
The 27-headed Lernaean hydra bites you but does no damage.
The 27-headed Lernaean hydra bites you.
You block the 27-headed Lernaean hydra's attack.
The 27-headed Lernaean hydra bites you!
The 27-headed Lernaean hydra barely misses you.
The 27-headed Lernaean hydra bites you. The 27-headed Lernaean hydra bites you!
* * * LOW HITPOINT WARNING * * *
The 27-headed Lernaean hydra bites you!
* * * LOW HITPOINT WARNING * * *
The 27-headed Lernaean hydra bites you!
You die...

##############################
#<.#.)'..#.['..#__#..'...#..#.
#..'..#.)').#..'..'..#...##'#§
#..#####'#####'#__####...'..#§
#..####..#...#.####.§#####..§.
#..#__####..##§#≈≈§§§#§§##'###
#..#_____##'#.D§§≈≈§§§§.#.§§..
#⌠⌠#_.∩...'..@_#§§§§§#§§#.§§..
####_..__##_.#'##'#####'###§§.
#_____###'#.#.§§.###.'.#.^.
############.####'###.###.#.§#
#∩........'...'.....'.∩##§#..#
###++++####...###########.##'#
#..G... ###.###.......##§##(#
#G..... #.#'#.#........§§####
#..#..G #.....#''.######§# +


You could see the 27-headed Lernaean hydra.

Vanquished Creatures
  A deep elf master archer (D)
  A deep elf annihilator (D)
  A lorocyproca (D)
  A mummy priest (D)
  A hydra (D)
  2 centaur warriors (D)
  Sonja (D)
  6 unseen horrors (D)
  A deep troll (D)
  A lindwurm (D)
  An oklob plant (D)
  A siren (D)
  A gargoyle (D)
  A demonic crawler (D)
  A kobold demonologist (D)
  A hellwing (D)
  3 hornets (D)
  A slime creature (D)
  Sigmund (D)
  2 redbacks (D)
  A yak (D)
  8 hogs (D)
  2 floating eyes (D)
  4 necrophages (D)
  An ogre (D)
  6 jellies (D)
  Ijyb (D)
  A ballistomycete (D)
53 creatures vanquished.

Vanquished Creatures (others)
  An unseen horror (D)
  An oklob plant (D)
  A siren (D)
  A gargoyle (D)
  A demonic crawler (D)
  A kobold demonologist (D)
  2 hornets (D)
  5 hogs (D)
  A floating eye (D)
  3 necrophages (D)
  2 jellies (D)
  2 ballistomycetes (D)
  2 ballistomycete spores (D)
23 creatures vanquished.

Grand Total: 76 creatures vanquished

Notes
Turn   | Place    | Note
-------+----------+-------------------------------------------
     0 | D        | igo the Spriggan Enchanter began the quest for the Orb.
     0 | D        | Reached XP level 1. HP: 9/9 MP: 5/5
     1 | D        | Noticed Ijyb
    12 | D        | Killed Ijyb
    12 | D        | Reached skill level 4 in Spellcasting
    12 | D        | Reached XP level 2. HP: 4/13 MP: 6/8
    44 | D        | Learned a level 2 spell: Ensorcelled Hibernation
   336 | D        | Noticed an ogre
   339 | D        | Killed an ogre
   339 | D        | Reached skill level 5 in Spellcasting
   339 | D        | Reached XP level 3. HP: 16/16 MP: 9/11
   339 | D        | Reached XP level 4. HP: 21/21 MP: 9/12
   341 | D        | Noticed Sigmund
   344 | D        | Killed Sigmund
   344 | D        | Reached skill level 7 in Spellcasting
   344 | D        | Reached XP level 5. HP: 24/24 MP: 9/15
   344 | D        | Reached XP level 6. HP: 28/28 MP: 10/17
   398 | D        | Found a burning altar of Makhleb.
   398 | D        | Found a viscous altar of Jiyva.
   398 | D        | Found a shimmering altar of Xom.
   398 | D        | Found a corrupted altar of Lugonu.
   398 | D        | Noticed a slime creature
   406 | D        | Killed a slime creature
   406 | D        | Reached skill level 8 in Spellcasting
   408 | D        | Found a deep blue altar of Sif Muna.
   410 | D        | Found a radiant altar of Vehumet.
   441 | D        | Learned a level 3 spell: Confuse
   445 | D        | Learned a level 3 spell: Tukima's Dance
   449 | D        | Learned a level 3 spell: Dazzling Spray
   450 | D        | Found Oxtil's Jewellery Emporium.
   450 | D        | Found an ancient bone altar of Kikubaaqudgha.
   450 | D        | Found a hazy altar of Hepliaklqana.
   450 | D        | Found a hide-covered altar of Uskayaw.
   450 | D        | Found a basalt altar of Yredelemnul.
   450 | D        | Found an opulent altar of Gozag.
   450 | D        | Found a snail-covered altar of Cheibriados.
   450 | D        | Found a sacrificial altar of Ru.
   450 | D        | Found a shadowy altar of Dithmenos.
   450 | D        | Noticed a yak
   451 | D        | Found a stormy altar of Qazlal.
   451 | D        | Found a blossoming altar of Fedhas.
   451 | D        | Found a bloodstained altar of Trog.
   451 | D        | Found an iron altar of Okawaru.
   451 | D        | Found a glowing golden altar of the Shining One.
   451 | D        | Found a glowing silver altar of Zin.
   451 | D        | Found a white marble altar of Elyvilon.
   452 | D        | Killed a yak
   452 | D        | Reached skill level 10 in Dodging
   452 | D        | Reached XP level 7. HP: 32/32 MP: 20/20
   453 | D        | Found a sparkling altar of Nemelex Xobeh.
   507 | D        | Became a worshipper of Sif Muna the Loreminder
   510 | D        | Noticed Sonja
   514 | D        | Killed Sonja
   514 | D        | Reached * piety under Sif Muna
   514 | D        | Reached skill level 10 in Spellcasting
   514 | D        | Reached skill level 10 in Hexes
   514 | D        | Reached XP level 8. HP: 36/36 MP: 21/23
   532 | D        | Found Xaoxou's Distillery.
   540 | D        | Bought a potion of invisibility for 104 gold pieces
   552 | D        | Noticed a deep troll
   565 | D        | Killed a deep troll
   694 | D        | Noticed a kobold demonologist
   695 | D        | Noticed a kobold demonologist
   702 | D        | Noticed a rust devil
   705 | D        | Paralysed by a floating eye for 4 turns
   720 | D        | Paralysed by a floating eye for 4 turns
   731 | D        | Noticed a smoke demon
   734 | D        | Banished a kobold demonologist
   741 | D        | Killed a kobold demonologist
   741 | D        | Reached ** piety under Sif Muna
   741 | D        | Reached skill level 10 in Short Blades
   741 | D        | Reached skill level 11 in Spellcasting
   741 | D        | Reached XP level 9. HP: 39/39 MP: 10/25
   831 | D        | Noticed a demonic crawler
   831 | D        | Noticed a demonic crawler
   831 | D        | Noticed a demonic crawler
   831 | D        | Noticed a demonic crawler
   857 | D        | Noticed a centaur warrior
   857 | D        | Noticed a centaur warrior
   860 | D        | Killed a centaur warrior
   860 | D        | Reached skill level 15 in Stealth
   862 | D        | Killed a centaur warrior
   862 | D        | Reached *** piety under Sif Muna
   862 | D        | Reached skill level 12 in Spellcasting
   907 | D        | Noticed an oklob plant
   909 | D        | Killed an oklob plant
   917 | D        | Reached XP level 10. HP: 44/44 MP: 27/27
   950 | D        | Found Lush's Armour Emporium.
   955 | D        | Bought a +1 cloak of poison resistance for 189 gold pieces
   955 | D        | Bought a +0 buckler for 63 gold pieces
   990 | D        | Noticed an unseen horror
   990 | D        | Noticed an unseen horror
   995 | D        | Banished an unseen horror
   998 | D        | Killed an unseen horror
   998 | D        | Reached **** piety under Sif Muna
   998 | D        | Reached skill level 5 in Shields
  1391 | D        | Got an ichor-stained hand axe
  1613 | D        | Killed a gargoyle
  1873 | D        | Noticed a gargoyle
  1882 | D        | Noticed a lindwurm
  1887 | D        | Killed a lindwurm
  1918 | D        | Reached ***** piety under Sif Muna
  2180 | D        | Identified Sif Muna's Incunabulum of Hurtful Hexes (Sif Muna gifted it to you in the Dungeon)
  2180 | D        | Received a gift from Sif Muna
  2189 | D        | Learned a level 3 spell: Gell's Gravitas
  2193 | D        | Reached skill level 1 in Translocations
  2206 | D        | Reached skill level 1 in Fighting
  2226 | D        | Reached skill level 1 in Armour
  2226 | D        | Reached XP level 11. HP: 47/49 MP: 16/28
  2321 | D        | Noticed a daeva
  2327 | D        | Noticed a 12-headed hydra
  2329 | D        | Killed a 12-headed hydra
  2329 | D        | Reached skill level 13 in Spellcasting
  2682 | D        | Noticed an unseen horror
  2682 | D        | Noticed an unseen horror
  2682 | D        | Noticed an unseen horror
  2682 | D        | Noticed an unseen horror
  2684 | D        | Killed an unseen horror
  2684 | D        | Reached skill level 5 in Translocations
  2685 | D        | Noticed an unseen horror
  2686 | D        | Killed an unseen horror
  2687 | D        | Killed an unseen horror
  2687 | D        | Identified Sif Muna's Disquisition on Earthen Conjuration (Sif Muna gifted it to you in the Dungeon)
  2687 | D        | Received a gift from Sif Muna
  2689 | D        | Killed an unseen horror
  2692 | D        | Killed an unseen horror
  2700 | D        | Noticed a fire giant
  2791 | D        | Noticed a lorocyproca
  2823 | D        | Reached skill level 14 in Spellcasting
  2845 | D        | Found Pareal's Assorted Antiques.
  2845 | D        | Found Cusk's Food Emporium.
  2845 | D        | Found Toacar's Book Emporium.
  2847 | D        | Found Fijanus's Magic Scroll Boutique.
  2847 | D        | Found Veurak's Food Shoppe.
  2847 | D        | Found Founnink's General Store.
  2847 | D        | Found Ugyro's Jewellery Emporium.
  2847 | D        | Found Zaytzopp's Book Boutique.
  2847 | D        | Found Iqemumoe's Armour Shoppe.
  2847 | D        | Found Osux's Magic Scroll Shop.
  2850 | D        | Found Meel's Gadget Emporium.
  2851 | D        | Found Nefulegh's Book Boutique.
  2851 | D        | Found Oxokkuta's Armour Shoppe.
  2852 | D        | Found Waohu's Armour Shop.
  2863 | D        | Bought a +2 robe of the Archmagi for 414 gold pieces
  2884 | D        | Bought a wand of teleportation (6/9) for 360 gold pieces
  3694 | D        | Bought a +0 robe of cold resistance for 100 gold pieces
  3695 | D        | Bought a book of Minor Magic for 220 gold pieces
  3698 | D        | Learned a level 2 spell: Blink
  3708 | D        | Bought a scroll of blinking for 105 gold pieces
  3708 | D        | Bought a scroll of enchant weapon for 105 gold pieces
  3708 | D        | Bought a scroll of enchant weapon for 105 gold pieces
  3708 | D        | Identified the +6 hand axe "Onnant" {freeze, rF+} (You found it in the Dungeon)
  3748 | D        | Noticed a shining eye
  3748 | D        | Noticed a shining eye
  3749 | D        | Noticed a shining eye
  4172 | D        | Killed a lorocyproca
  4181 | D        | Noticed a deep elf annihilator
  4278 | D        | Identified Coilydaf's Reference Book on the Escort (Sif Muna gifted it to you in the Dungeon)
  4278 | D        | Received a gift from Sif Muna
  4278 | D        | Reached skill level 15 in Hexes
  4283 | D        | Learned a level 2 spell: Repel Missiles
  4292 | D        | Learned a level 6 spell: Darkness
  4412 | D        | Noticed a mummy priest
  4506 | D        | Killed a mummy priest
  4506 | D        | Reached skill level 15 in Spellcasting
  4537 | D        | Reached skill level 16 in Spellcasting
  4751 | D        | Noticed an oklob plant
  4801 | D        | Noticed the 27-headed Lernaean hydra
  5038 | D        | Killed a deep elf annihilator
  5040 | D        | Got a pitted platinum ring
  5231 | D        | Noticed Lom Lobon
  5365 | D        | Noticed a deep elf master archer
  5377 | D        | Killed a deep elf master archer
  5377 | D        | Received a gift from Sif Muna
  5377 | D        | Reached skill level 18 in Spellcasting
  5377 | D        | Reached XP level 12. HP: 58/58 MP: 25/35
  5418 | D        | Identified the ring "Ystremolu" {+Fly rC+ MR+ Stlth-} (You took it off a deep elf annihilator in the Dungeon)
  6023 | D        | HP: 1/58 [the 27-headed Lernaean hydra (8)]
  6023 | D        | Mangled by the 27-headed Lernaean hydra

Skill      XL: |  1  2  3  4  5  6  7  8  9 10 11 |
---------------+----------------------------------+-----
Short Blades   | 2 4 6 7 9 10 11 | 11.6
Dodging        | 4 6 8 10 11 13 14 | 14.7
Stealth        | 6 7 9 11 13 14 15 16 | 16.0
Spellcasting   | 4 5 7 8 10 11 12 18 | 18.5
Hexes          | 4 6 7 9 10 11 12 13 15 | 15.0
Shields        | 9 |  9.4
Translocations | 2 8 |  8.0
Fighting       | 1 4 |  4.6
Armour         | 1 4 |  4.1

Action                   |  1- 3 |  4- 6 |  7- 9 | 10-12 || total
-------------------------+-------+-------+-------+-------++-------
Melee: Dagger            |     9 |     4 |    12 |   253 ||   278
 Cast: Ensorcelled Hiber |       |     1 |     6 |       ||     7
       Confuse           |       |       |     7 |    67 ||    74
       Repel Missiles    |       |       |       |     1 ||     1
       Blink             |       |       |       |     2 ||     2
 Abil: Evoke Flight      |       |       |       |     2 ||     2
Evoke: Wand              |       |       |       |     1 ||     1
  Use: Potion            |     1 |       |       |     5 ||     6
       Scroll            |       |       |       |     4 ||     4
 Stab: Sleeping          |     2 |     4 |     7 |    13 ||    26
       Confused          |       |       |       |    11 ||    11
       Distracted        |       |       |       |     4 ||     4
  Eat: Bread ration      |       |       |       |     1 ||     1
Armor: Robe              |       |       |       |    21 ||    21
Dodge: Dodged            |     2 |       |     2 |   129 ||   133
       Deflected         |       |       |       |     1 ||     1
Block: Buckler           |       |       |       |    46 ||    46
